AoeStats
← Gorp

Nomad

503265839Analyzed
1v1 RM · 1mo ago on Aug 30, 2026· 44m 55s· 2 players
Game mode
Random Map
Map size
126×126
Population
200
Speed
Normal
Resources
Standard
Victory
Conquest
Starting age
Dark Age
Ending age
Imperial Age
RankedLock teamsTeams togetherTeam positionsShared explorationLock speedFull tech treeHidden civsTurbo modeCheats
Victory
Defeat
🇨🇦 Teutons · Canada
533
+22
🇺🇸 Goths · United States
673
-22
Gorp
10:11 Loom
13:47 Feudal Age
14:23 Double-Bit Axe
14:27 Horse Collar
24:18 Castle Age
27:58 Wheelbarrow
28:09 Bloodlines
29:01 Stone Mining
31:09 Hand Cart
31:11 Bow Saw
31:04 Heavy Plow
31:49 Town Watch
34:54 Ballistics
34:45 Masonry
36:06 Stone Shaft Mining
36:09 Forging
35:50 Fletching
36:07 Scale Barding Armor
36:02 Scale Mail Armor
38:47 Imperial Age
36:18 Town Patrol
37:17 Ironclad
39:07 Iron Casting
38:28 Bodkin Arrow
38:53 Chain Barding Armor
38:34 Padded Archer Armor
40:18 Crop Rotation
40:59 Two-Man Saw
42:55 Squires
42:41 Gambesons
42:41 Arson
Cbear
4:18 Loom
13:29 Feudal Age
15:13 Double-Bit Axe
16:08 Fishing Lines
19:59 Horse Collar
23:14 Castle Age
26:26 Gillnets
32:07 Heavy Plow
33:25 Wheelbarrow
38:34 Imperial Age
37:04 Man-at-Arms
38:50 Squires
39:45 Conscription
39:52 Hand Cart
39:25 Long Swordsman
40:36 Pikeman
41:12 Two-Handed Swordsman
43:06 Bow Saw
42:58 Champion
44:25 Gold Mining
Connection lost

Rejoining the realm…

Still unreachable

The connection could not be restored.

Session expired

The server has moved on; the page needs a fresh start.